 Dungeon Crawl Stone Soup version 0.29.1 (webtiles) character file.

Game seed: 7786958096248295217

59 ImASeal the Shield-Bearer (level 3, -5/36 HPs)
             Began as a Troll Fighter on Sept 13, 2022.
             Was a Believer of Wu Jian.
             Slain by Terence
             ... wielding a +0 flail
              (8 damage)
             ... on level 3 of the Dungeon.
             The game lasted 00:03:51 (1588 turns).

ImASeal the Shield-Bearer (Troll Fighter)           Turns: 1588, Time: 00:03:51

Health: -5/36      AC:  4    Str: 26    XL:     3   Next: 78%
Magic:  2/2        EV:  8    Int:  4    God:    Wu Jian [**....]
Gold:   74         SH:  7    Dex:  9    Spells: 2/2 levels left

rFire   . . .      SeeInvis .   a - +0 war axe
rCold   + . .      Faith    .   c - +0 kite shield
rNeg    . . .      Spirit   .   b - +0 robe
rPois   .          Reflect  .   (helmet restricted)
rElec   .          Harm     .   (no cloak)
rCorr   .          Rampage  .   (gloves unavailable)
Will    +....                   (boots unavailable)
Stlth   +.........              (no amulet)
HPRegen 0.92/turn               j - ring of willpower
MPRegen 0.08/turn               s - ring of protection from cold

@: mighty
A: large, unfitting armour, claws 3, regeneration 1, shaggy fur 1, tough skin 1
a: Renounce Religion, Wall Jump


You were on level 3 of the Dungeon.
You worshipped Wu Jian.
Wu Jian was pleased with you.
You visited 1 branch of the dungeon, and saw 3 of its levels.

You collected 96 gold pieces.
You spent 22 gold pieces at shops.

Inventory:

Hand Weapons
 a - a +0 war axe (weapon)
 t - a +0 dagger of distortion
Missiles
 o - 15 stones (quivered)
Armour
 b - a +0 robe (worn)
 c - a +0 kite shield (worn)
Jewellery
 j - a ring of willpower (left claw)
 s - a ring of protection from cold (right claw)
Scrolls
 e - 2 scrolls of vulnerability {unknown}
 f - a scroll of blinking {unknown}
 g - 2 scrolls of teleportation {unknown}
 h - 4 scrolls of identify
 k - a scroll of amnesia {unknown}
 m - a scroll of brand weapon {unknown}
 n - 2 scrolls of enchant armour {unknown}
 q - a scroll of poison {unknown}
Potions
 i - a potion of invisibility {unknown}
 l - a potion of lignification {unknown}
 p - a potion of brilliance {unknown}
 r - 2 potions of curing {unknown}


   Skills:
 + Level 2.9 Fighting
 + Level 2.3 Axes
 - Level 2.5 Dodging
 - Level 0.1 Stealth
 + Level 3.2 Shields


You had 2 spell levels left.
You didn't know any spells.
Your spell library contained the following spells:

 Spells                   Type           Power      Damage    Failure   Level
 Ozocubu's Armour         Ice            0%         N/A       99%         3
 Ozocubu's Refrigeration  Ice            0%         4d7       100%        7


Dungeon Overview and Level Annotations

Branches:
Dungeon (3/15)

Altars:
Wu Jian

Shops:
D:2 ?

Annotations:
D:3 Terence


Innate Abilities, Weirdness & Mutations

You are too large for most types of armour.
You have claws for hands.
Your natural rate of healing is unusually fast.
You are covered in fur. (AC +1)
You have tough skin. (AC +1)


Message History

You slash the ball python!
You kill the ball python!
The Council accepts your kill.
You can now perform airborne attacks.
You feel sick.
You are no longer poisoned.
You block the hobgoblin's attack.
You see here a ball python corpse.
You closely miss the hobgoblin. The hobgoblin hits you.
The hobgoblin misses you.
You slash the hobgoblin!
You kill the hobgoblin!
The Council accepts your kill.
No target in view!
HP restored.
You now have 74 gold pieces (gained 5).
Terence the Incautious comes into view.
He is wielding a +0 flail.
Found a stone staircase leading up.
Terence shouts!
You barely miss Terence. You block Terence's attack.
Terence hits you but does no damage.
You barely miss Terence. Terence hits you with a +0 flail.
You completely miss Terence. Terence hits you with a +0 flail. x2
You barely miss Terence. Terence hits you with a +0 flail.
You hit Terence but do no damage. Terence hits you with a +0 flail!
Terence hits you with a +0 flail.
You hit Terence.
Terence is lightly wounded.
You block Terence's attack. Terence hits you with a +0 flail!
* * * LOW HITPOINT WARNING * * *
You feel very mighty all of a sudden. Terence hits you with a +0 flail.
* * * LOW HITPOINT WARNING * * *
You slash Terence!
Terence is severely wounded.
Terence hits you with a +0 flail.
* * * LOW HITPOINT WARNING * * *
You barely miss Terence.
Terence is severely wounded.
You block Terence's attack. Terence hits you with a +0 flail!
You die...

##...†...##
####.####
#...#
###.## #..#
##.###
.#### #...#
...<..#...#
#.@@..#
###...#
#...# #...#
#####


You could see Terence.

Vanquished Creatures
  3 adders
  A worm (D:2)
  4 giant cockroaches
  2 goblins
  A hobgoblin (D:3)
  8 kobolds
  A quokka (D:2)
  4 ball pythons
  A bat (D:1)
  3 frilled lizards
  2 rats (D:2)
30 creatures vanquished.

Vanquished Creatures (others)
  2 plants (D:1)
2 creatures vanquished.

Grand Total: 32 creatures vanquished

Notes
Turn   | Place    | Note
-------+----------+-------------------------------------------
     0 | D:1      | ImASeal the Troll Fighter began the quest for the Orb.
     0 | D:1      | Reached XP level 1. HP: 22/22 MP: 0/0
   283 | D:1      | Found a faded altar of an unknown god.
   291 | D:1      | Prayed at the altar of an unknown god.
   291 | D:1      | Became a worshipper of the Wu Jian Council
   291 | D:1      | Reached * piety under Wu Jian
   798 | D:2      | Reached XP level 2. HP: 29/29 MP: 1/1
   903 | D:2      | Reached skill level 3 in Shields
   970 | D:2      | Found Ixosiov's Magic Scroll Shoppe.
   980 | D:2      | Bought a scroll of identify for 22 gold pieces
   993 | D:2      | Reached XP level 3. HP: 36/36 MP: 2/2
  1509 | D:3      | Reached ** piety under Wu Jian
  1579 | D:3      | Noticed Terence
  1586 | D:3      | HP: 1/36 [Terence/+0 flail (5)]
  1588 | D:3      | Slain by Terence

Illustrated notes

Levels and vault maps discovered:
D:1:      matt_arrival_refuge, layout_loops_cross,
          chequers_ecumenical_altar_lobes, hangedman_decor_slide_cut,
          wad_floor_pattern_1
D:2:      layout_basic, serial_shops, shop
D:3:      layout_rooms, mainiacjoe_overflow_swirl,
          nicolae_uskayaw_murder_on_the_dancefloor, grunt_decor_resistance,
          uniq_terence

Skill      XL: |  1  2  3 |
---------------+----------+-----
Shields        | 3 |  3.2
Axes           | 2 |  2.3
Fighting       | |  2.9
Dodging        | |  2.5
Stealth        | |  0.1

Action                   || total
-------------------------++-------
Melee: War axe           ||    89
Invok: Lunge             ||     5
  Use: Potion            ||     1
 Stab: Sleeping          ||     2
       Distracted        ||     1
Armor: Robe              ||    36
Dodge: Dodged            ||    26
Block: Kite shield       ||    35
